cohdb
Replays
Latest Replays
All Replays
Popular Replays
Top Player Replays
Match Explorer
How It Works
Community
CoH3 Stats
Reddit
Sign in to upload your games and track your stats! →
Sign in with Steam
Match 46793634
Unlisted
Match 46793634
Overview
Messages
Build Orders
End
250 Light Carrier
Panzerpioneer Squad
Selects Italian Infantry
Selects Italian Infantry
Kradschützen Motorcycle Team
Panzergrenadier Squad
Construct Light Support Kompanie
Assault Grenadier Squad
Combat Half-tracks
Construct Mechanized Kompanie
Selects Guastatori Squad
Panzerjäger Mechanized Group
8 Rad Armored Car
Marder III Tank Destroyer
2.5-tonne Medical Truck
Advanced Field Repairs
Selects Defensive Operations
Selects Territory Booby Traps
Fire Support Elements
Assault Mechanized Group
Selects Propaganda War
Selects Registered Artillery
Construct Panzerarmee Kommand
Registered Artillery
Selects Towed Cannone da 105/28 Field Howitzer
Walking Stuka Rocket Launcher
Guastatori Squad
Marder III Tank Destroyer
Propaganda War
2.5-tonne Medical Truck
Propaganda War
Flakvierling Half-track
18-tonne Recovery Half-track
-AL- Nimahfrosch
aSIIDemolitionHammer
Arwootarch
BazookaJoe
0
0
Comments
sign in to comment!
No comments posted yet!